 Dungeon Crawl Stone Soup version 0.29.1-2-gbd0b4ee654 (webtiles) character file.

Game seed: 7773468521052644132

1 KittyFluff the Trooper (level 1, 0/21 HPs)
             Began as a Gargoyle Berserker on Oct 31, 2022.
             Was a Follower of Trog.
             Frozen to death by an endoplasm (3 damage)
             ... on level 1 of the Dungeon.
             The game lasted 00:00:37 (87 turns).

KittyFluff the Trooper (Gargoyle Berserker)           Turns: 87, Time: 00:00:38

Health: 0/21       AC:  4    Str: 20    XL:     1   Next: 20%
Magic:  1/1        EV: 11    Int:  7    God:    Trog [*.....]
Gold:   0          SH:  0    Dex:  9    Spells: 0/0 levels left

rFire   . . .      SeeInvis .   a - +0 mace
rCold   . . .      Faith    .   (no shield)
rNeg    + . .      Spirit   .   b - +0 animal skin
rPois   ∞          Reflect  .   (no helmet)
rElec   +          Harm     .   (no cloak)
rCorr   .          Rampage  .   (no gloves)
Will    .....                   (no boots)
Stlth   ..........              (no amulet)
HPRegen 0.07/turn               (no ring)
MPRegen 0.07/turn               (no ring)

@: berserking, very quick
A: sickness immunity, AC +2, negative energy resistance 1, electricity
resistance, torment resistance 1, petrification resistance
a: Renounce Religion, Berserk


You were on level 1 of the Dungeon.
You worshipped Trog.
Trog was aware of your devotion.
You visited 1 branch of the dungeon, and saw 1 of its levels.

Inventory:

Hand Weapons
 a - a +0 mace (weapon)
Armour
 b - a +0 animal skin (worn)
Scrolls
 c - a scroll of torment {unknown}


   Skills:
 + Level 3.3 Fighting
 + Level 3.0 Maces & Flails
 + Level 2.2 Armour
 + Level 1.5 Dodging


You couldn't memorise any spells.
You didn't know any spells.
Your spell library was empty.

Dungeon Overview and Level Annotations

Branches:
Dungeon (1/15)

Altars:


Innate Abilities, Weirdness & Mutations

You are immune to sickness and miasma.
Your stone body is resilient. (AC +2)
You are immune to poison.
You resist negative energy. (rN+)
You are resistant to electric shocks. (rElec)
You are resistant to unholy torment.
You are immune to petrification.


Message History

The kobold shouts!
There is an open door here.
You open the door.
There is an open door here.
You open the door. The bat misses you.
You thump the bat!
You kill the bat!
Trog accepts your kill.
The kobold throws a stone.
The stone closely misses you.
There is an open door here.
The kobold hits you but does no damage.
You sock the kobold!
You kill the kobold!
Trog accepts your kill.
Things that are here:
a +0 short sword; 4 stones; a kobold corpse
c - a scroll labelled RITUAR YDEO
Found a scroll labelled SOUL NIDATT.
There is a stone staircase leading down here.
An endoplasm comes into view.
The endoplasm quivers.
You see here a scroll labelled SOUL NIDATT.
You barely miss the endoplasm. The endoplasm freezes you.
You are frozen.
You hit the endoplasm but do no damage. The endoplasm hits you.
The endoplasm closely misses you.
You hit the endoplasm.
The endoplasm is heavily wounded.
The endoplasm hits you.
You barely miss the endoplasm.
The endoplasm is heavily wounded.
The endoplasm freezes you.
You are frozen.
* * * LOW HITPOINT WARNING * * *
A red film seems to cover your vision as you go berserk!
You feel yourself moving faster!
You feel mighty! The endoplasm freezes you.
You are frozen.
You die...

## .. ##.# #..#
########.#####
######.............
####J@?...##..........
#.........>...........
..............#..).#####
..##.#########..........
. #. #≈≈≈≈≈≈≈≈≈≈≈≈≈≈≈..
.. #≈####≈≈≈≈≈####≈..
...##≈#∩.#######.<#≈..
......≈#..'.....'..#≈..
!..)≈##'###+###+##≈..


You could see an endoplasm.

Vanquished Creatures
  A bat (D:1)
  A kobold (D:1)
2 creatures vanquished.

Notes
Turn   | Place    | Note
-------+----------+-------------------------------------------
     0 | D:1      | KittyFluff the Gargoyle Berserker began the quest for the
                  | Orb.
     0 | D:1      | Reached XP level 1. HP: 14/14 MP: 1/1
    87 | D:1      | Frozen to death by an endoplasm

Illustrated notes

Levels and vault maps discovered:
D:1:      heliophobic_arrival_glass_houses, layout_rooms,
          chequers_ecumenical_altar_twisty, minmay_misc_feat_pillars,
          serial_bayou_pond_e

Action                   || total
-------------------------++-------
Melee: Mace              ||     6
Invok: Berserk           ||     1
Armor: Animal skin       ||     1
Dodge: Dodged            ||     3
